Map: Ascension to Aiur LE

Players

Ragnon - Winner!

  • Race: Terran Terran
  • League: Diamond
  • Spawn Location: 11:00

MoonStone

  • Race: Protoss Protoss
  • League: Platinum
  • Spawn Location: 5:00

VOD

Have the link to the VOD?

Description

Time

  • Played on: Aug. 28, 2017, 2:13 p.m.
  • Length: 12:01
Show
View Real Time Build Order
Export as new Build Order

Ragnon Terran - Winner!

Build Orders: Reaper Expand 

Get SALT Encoding   

  12  0:01  SCV  
  13  0:13  SCV  
  14  0:20  Supply Depot  
  14  0:25  SCV  
  15  0:41  SCV  
  16  0:42  Barracks  
  16  0:46  Refinery  
  16  0:53  SCV  
  17  1:10  SCV  
  18  1:22  SCV  
  19  1:33  Reaper  
  19  1:34  Orbital Command  
  20  1:50  Command Center  
  20  2:04  SCV  
  20  2:06  Barracks Reactor  
  21  2:18  Barracks  
  21  2:24  Barracks  
  21  2:27  SCV  
  22  2:35  Supply Depot  
  22  2:39  SCV  
  23  2:55  Bunker  
  23  2:56  SCV, Marine x2  
  26  3:06  Barracks Tech Lab  
  26  3:11  Orbital Command  
  26  3:20  Marine x2  
  26  3:22  Barracks Reactor  
  26  3:23  SCV  
  29  3:30  Marine  
  29  3:31  Stimpack  
  30  3:35  SCV  
  30  3:39  SCV  
  30  3:40  Marine x2  
  34  3:47  SCV  
  35  3:52  SCV  
  35  3:54  Marine  
  37  3:59  SCV  
  38  4:03  Factory  
  38  4:04  SCV  
  39  4:10  Supply Depot  
  39  4:11  SCV, Marine x4  
  39  4:12  Supply Depot  
  39  4:14  Marauder  
  46  4:27  Engineering Bay x2  
  46  4:31  Marine x3  
  46  4:32  SCV x2, Marine  
  46  4:35  Marauder  
  54  4:44  SCV x2  
  56  4:53  Supply Depot  
  56  4:54  Supply Depot  
  56  4:56  SCV x2  
  56  4:57  Marine x2  
  56  4:58  Marauder  
  62  5:07  Factory Reactor  
  62  5:08  Starport  
  62  5:14  Marine x2  
  62  5:15  SCV  
  65  5:26  Refinery, SCV  
  65  5:27  SCV  
  65  5:28  Refinery  
  67  5:29  Refinery, Marine x2  
  67  5:30  Marauder  
  67  5:32  Marine  
  67  5:34  Supply Depot  
  67  5:35  Supply Depot  
  72  5:42  Terran Infantry Weapons Level 1  
  72  5:43  Marine  
  72  5:47  Marine x2  
  75  5:50  Marine  
  75  5:58  Marine  
  75  6:00  Marine  
  76  6:05  Marine x2  
  72  6:14  Marine  
  72  6:16  Marauder  
  67  6:18  Marine  
  67  6:23  Marine x2  
  66  6:26  Medivac x2  
  66  6:31  SCV x2  
  72  6:36  Armory  
  72  6:39  Marauder, Marine x2  
  75  6:41  Marine  
  67  6:49  Factory Tech Lab  
  67  6:50  SCV x2  
  69  6:58  Terran Infantry Armor Level 1  
  69  7:00  Command Center, Marine x4  
  69  7:01  Medivac, Marauder  
  73  7:06  SCV  
  73  7:07  SCV  
  77  7:09  Siege Tank  
  80  7:27  SCV x2  
  82  7:32  Terran Vehicle Weapons Level 1  
  82  7:34  Marine x4  
  82  7:35  Marine  
  87  7:39  SCV x2  
  87  7:41  Siege Tank  
  92  7:48  Terran Infantry Weapons Level 2  
  92  7:52  Marine x2  
  92  7:57  Barracks  
  94  7:59  Barracks x2  
  94  8:11  Marine x4  
  94  8:12  Marauder  
  85  8:29  Marine  
  85  8:31  SCV x2  
  74  8:35  Marine  
  71  8:44  Marauder, Marine x2  
  71  8:45  Siege Tank, Medivac x2  
  71  8:46  Orbital Command  
  82  8:48  Barracks Tech Lab  
  82  8:49  Barracks Reactor x2  
  82  8:50  Marine  
  82  8:53  Marine  
  84  8:56  Terran Infantry Armor Level 2  
  84  9:02  Marine x2  
  86  9:04  Orbital Command  
  86  9:05  Marine  
  86  9:08  Marine  
  88  9:10  Marine  
  89  9:17  Marauder  
  89  9:18  Siege Tank  
  89  9:19  Marine  
  89  9:20  Marine  
  89  9:23  Marauder  
  98  9:24  Refinery  
  98  9:25  Marine  
  98  9:26  Missile Turret  
  98  9:27  Refinery, SCV x2  
  101  9:33  Marine x4  
  101  9:34  Marine  
  104  9:39  SCV x2, Marauder  
  104  9:45  Marauder  
  99  9:58  Marine x2  
  99  9:59  Marine x2  
  92  10:00  Marauder  
  92  10:06  Marauder  
  75  10:13  Marine x4  
  72  10:16  Marine x2  
  72  10:20  SCV x3  
  69  10:22  Marauder  
  69  10:26  Siege Tank, Medivac x2  
  69  10:27  Marauder  
  80  10:32  SCV x2, Marine x5  
  80  10:33  SCV, Marine  
  80  10:34  Marine  
  90  10:43  Marauder  
  90  10:49  Command Center  
  92  10:50  SCV x3  
  92  10:54  Marine  
  96  10:59  Siege Tank  
  96  11:02  SCV x2, Medivac  
  103  11:04  Medivac  
  103  11:09  Ghost Academy  
  102  11:29  Marine x4  
  102  11:30  Marine x3  
  109  11:36  Marine x3  
Show
View Real Time Build Order
Export as new Build Order

MoonStone Protoss 

Build Orders: 1 Gate Expand, Zealot Archon 

Get SALT Encoding   

  12  0:01  Probe (Chrono Boost)  
  13  0:12  Probe (Chrono Boost)  
  14  0:22  Probe (Chrono Boost)  
  14  0:23  Pylon  
  15  0:41  Gateway, Probe (Chrono Boost)  
  16  0:44  Assimilator  
  16  0:52  Probe (Chrono Boost)  
  17  1:02  Probe (Chrono Boost)  
  18  1:13  Probe (Chrono Boost)  
  19  1:23  Nexus  
  19  1:32  Cybernetics Core  
  19  1:34  Probe (Chrono Boost)  
  20  1:47  Assimilator  
  20  1:48  Pylon  
  20  1:50  Probe (Chrono Boost)  
  21  2:00  Probe (Chrono Boost)  
  22  2:08  Warp Gate (Chrono Boost), Stalker  
  24  2:15  Probe (Chrono Boost)  
  25  2:27  Probe (Chrono Boost)  
  26  2:32  Twilight Council  
  26  2:34  Gateway  
  26  2:36  Probe (Chrono Boost)  
  27  2:38  Probe (Chrono Boost)  
  28  2:47  Probe (Chrono Boost)  
  28  2:48  Probe (Chrono Boost)  
  30  2:52  Stalker  
  32  2:58  Mothership Core  
  32  3:03  Probe  
  35  3:08  Pylon  
  35  3:15  Probe  
  36  3:20  Probe  
  36  3:22  Sentry  
  36  3:27  Stalker  
  41  3:28  Probe (Chrono Boost)  
  41  3:33  Probe (Chrono Boost)  
  43  3:39  Probe (Chrono Boost)  
  44  3:41  Assimilator  
  44  3:46  Pylon, Probe (Chrono Boost)  
  45  3:50  Probe (Chrono Boost)  
  45  3:52  Robotics Facility  
  46  4:12  Gateway x2  
  46  4:15  Probe (Chrono Boost)  
  48  4:17  Probe (Chrono Boost)  
  48  4:19  Pylon  
  48  4:23  Templar Archives  
  48  4:26  Probe (Chrono Boost)  
  48  4:29  Probe (Chrono Boost)  
  50  4:35  Charge  
  50  4:36  Zealot x2  
  54  4:39  Probe (Chrono Boost)  
  54  4:41  Probe (Chrono Boost)  
  54  4:44  Assimilator  
  56  4:49  Observer  
  56  4:50  Probe (Chrono Boost)  
  58  5:03  Zealot x2  
  63  5:08  Probe (Chrono Boost)  
  63  5:12  Zealot  
  63  5:13  Zealot  
  67  5:15  Psionic Storm  
  67  5:16  Probe (Chrono Boost)  
  67  5:21  Warp Prism  
  70  5:32  Pylon  
  70  5:34  Pylon  
  70  5:38  Pylon  
  70  5:45  Nexus  
  70  5:51  Probe (Chrono Boost)  
  70  5:52  Probe (Chrono Boost)  
  72  5:58  High Templar x3  
  72  5:59  Pylon  
  72  6:01  Probe (Chrono Boost)  
  74  6:04  Probe (Chrono Boost)  
  74  6:05  Archon  
  71  6:12  High Templar  
  63  6:31  Zealot x3  
  64  6:49  High Templar  
  66  6:58  Zealot  
  66  6:59  Zealot x2  
  66  7:00  Probe  
  66  7:01  Probe  
  74  7:05  Gateway  
  74  7:07  Gateway  
  74  7:11  Observer  
  75  7:17  Probe x3  
  78  7:25  Forge  
  78  7:26  High Templar x3  
  78  7:27  Forge  
  84  7:30  Archon  
  84  7:32  Zealot  
  86  7:37  Blink  
  86  7:39  Immortal  
  90  7:52  Gateway x2  
  90  7:53  Gateway  
  90  7:58  Pylon  
  90  8:06  Zealot x3  
  90  8:07  Zealot  
  79  8:39  Probe x2  
  73  8:42  Zealot, Immortal  
  73  8:43  Zealot x3  
  85  8:53  Probe x2  
  85  8:55  Zealot x5  
  93  9:00  Photon Cannon  
  97  9:10  Zealot x2  
  97  9:11  Zealot x2  
  97  9:12  Probe  
  97  9:13  Probe x2  
  97  9:16  Assimilator  
  108  9:18  High Templar  
  108  9:19  High Templar x3  
  108  9:20  Assimilator  
  108  9:23  Archon x2  
  116  9:36  Probe  
  116  9:38  Probe  
  100  9:59  Archon  
  68  10:17  Zealot x4  
  68  10:18  Zealot x5  
  68  10:20  Probe  
  74  10:22  Probe x2  
  77  10:39  Immortal  
  77  10:41  High Templar x5  
  77  10:42  High Templar  
  93  10:45  Archon x3  
  93  10:46  Probe  
  93  10:47  Probe x2  
  96  10:54  Robotics Bay  
  96  10:59  Probe  
  91  11:23  High Templar x2  
  83  11:29  Zealot x6  
  83  11:30  Zealot  
  101  11:41  Probe x2  
Tags
 
Add a new tag
Caveats
  • Supply blocks, unpowered buildings, or Contaminate may cause inaccurate times.
  • Supply counts are checked every 10 seconds.